 Dungeon Crawl Stone Soup version 0.25.1-2-g60ff931df9 (webtiles) character file.

Game seed: 6618375983023238205

1110 funkygono the Shield-Bearer (level 8, -7/48 HPs)
             Began as a Gargoyle Fighter on Nov 5, 2020.
             Was an Initiate of Ru.
             Mangled by an orc warrior
             ... wielding a +0 war axe
              (21 damage)
             ... on level 6 of the Dungeon.
             The game lasted 00:13:28 (6893 turns).

funkygono the Shield-Bearer (Gargoyle Fighter)      Turns: 6893, Time: 00:13:28

Health: -7/48      AC: 16    Str: 22    XL:     8   Next: 33%
Magic:  17/17      EV:  6    Int:  8    God:    Ru [......]
Gold:   506        SH: 11    Dex: 10    Spells: 7/7 levels left

rFire    x . .     SeeInvis .   a - +2 whip (pain)
rCold    + . .     Gourm    .   c - +1 kite shield
rNeg     + . .     Faith    .   y - +0 chain mail
rPois    ∞         Spirit   .   (no helmet)
rElec    +         Reflect  .   x - +0 cloak
rCorr    .         Harm     .   (no gloves)
MR       .....                  (no boots)
Stlth    ..........             l - amulet of magic regeneration
HPRegen  0.16/turn              A - ring of ice
MPRegen  0.40/turn              B - ring of magical power

@: mighty
A: negative energy resistance 1, electricity resistance, unbreathing,
petrification resistance, rot immunity, AC +5
a: Renounce Religion


You were on level 6 of the Dungeon.
You worshipped Ru.
Ru was noncommittal.
You were very hungry.

You visited 2 branches of the dungeon, and saw 7 of its levels.
You also visited: Sewer and Ossuary.

You collected 506 gold pieces.

Inventory:

Hand Weapons
 a - a +2 whip of pain (weapon)
 b - a +1 hunting sling
 t - a +2 quarterstaff of chaos
 w - a +2 flail
Missiles
 o - 148 stones (quivered)
Armour
 c - a +1 kite shield (worn)
 n - a +0 scale mail
 x - a +0 cloak (worn)
 y - a +0 chain mail (worn)
Jewellery
 j - an uncursed amulet of reflection {unknown}
 l - an amulet of magic regeneration (around neck)
 u - an uncursed amulet of the acrobat
 A - a ring of ice (left hand)
 B - a ring of magical power (right hand)
Wands
 q - a wand of flame (24)
Scrolls
 g - a scroll of teleportation
 i - a scroll of remove curse
 p - a scroll of fog
 D - a scroll of identify
Potions
 d - 2 potions of might
 e - 7 potions of curing
 h - 2 potions of invisibility
 m - a potion of degeneration {unknown}
 r - 9 potions of heal wounds
 s - a potion of flight {unknown}
 v - 3 potions of lignification
 z - 2 potions of brilliance
Comestibles
 f - 3 rations


   Skills:
 + Level 4.6 Fighting
 + Level 5.2 Maces & Flails
 - Level 3.9 Slings
 + Level 5.0 Armour
 + Level 1.6 Dodging
 + Level 0.4 Stealth
 + Level 5.8 Shields


You had 7 spell levels left.
You didn't know any spells.
Your spell library was empty.

Dungeon Overview and Level Annotations

Branches:
Dungeon (6/15)             Temple (1/1) D:5           Sewer (visited)
Ossuary (visited)

Altars:
Ashenzari
Cheibriados
Dithmenos
Fedhas
Gozag
Hepliaklqana
Kikubaaqudgha
Makhleb
Nemelex Xobeh
Okawaru
Qazlal
Ru
Sif Muna
Trog
Uskayaw
Vehumet
Wu Jian
Yredelemnul
Zin
The Shining One

Shops:
D:4 }


Innate Abilities, Weirdness & Mutations

You are resistant to torment.
Your stone body is resilient. (AC +5)
You are immune to poison.
You resist negative energy. (rN+)
You are resistant to electric shocks. (rElec)
You can survive without breathing.
You are immune to petrification.
You are immune to rotting.


Message History

Beogh smites you!
You whack the orc warrior!
The orc warrior is heavily wounded.
You block the orc warrior's attack.
You closely miss the orc warrior.
The orc warrior is heavily wounded.
You hit the orc warrior.
The orc warrior is heavily wounded.
The orc warrior hits you but does no damage.
Your chain mail prevents you from hitting the orc warrior.
The orc warrior is heavily wounded.
The orc warrior hits you with a +0 war axe!
You hit the orc warrior but do no damage.
The orc warrior is heavily wounded.
The orc warrior hits you with a +0 war axe!
* * * LOW HITPOINT WARNING * * *
You whack the orc warrior!
The orc warrior is almost dead.
The orc warrior hits you with a +0 war axe!!
You die...

# .. o.( ## o..( #.
o....
######.#########...#.#
.....^.....@ooo.......
....##.######o#....#.#
. ..........#.......
............#....#.#
..##..........#.##.# #
. #..........#.# .#
#..........#.# #
.........†.#.#
.........#.# .# #


You could see an orc warrior, an orc priest, an orc wizard and an orc.

Vanquished Creatures
  A sky beast (D:6)
  An ogre (D:5)
  3 wights (D:6)
  A crimson imp (D:5)
  3 hounds
  A jelly (D:5)
  An orc priest (D:4)
  A centaur zombie (Ossuary)
  Crazy Yiuf (D:4)
  A centaur skeleton (D:5)
  3 orc wizards
  2 worker ants (D:4)
  4 big kobold zombies (Ossuary)
  A hound zombie (D:5)
  A hound skeleton (D:4)
  A worker ant zombie (D:5)
  2 mummies (Ossuary)
  8 adders
  4 river rats (Sewer)
  2 shadow imps (D:4)
  2 oozes
  An adder zombie (D:5)
  A worm (D:2)
  2 dart slugs
  3 leopard geckos
  15 orcs
  5 bats
  4 giant cockroaches
  4 hobgoblins
  7 jackals
  6 quokkas
  5 ball pythons
  6 frilled lizards
  A giant cockroach zombie (D:5)
  4 gnoll zombies (Ossuary)
  A goblin zombie (Ossuary)
  2 hobgoblin zombies (Ossuary)
  23 kobolds
  A leopard gecko skeleton (D:4)
  2 orc zombies (Ossuary)
  3 quokka skeletons
  28 rats
168 creatures vanquished.

Notes
Turn   | Place    | Note
-------+----------+-------------------------------------------
     0 | D:1      | funkygono the Gargoyle Fighter began the quest for the Orb.
     0 | D:1      | Reached XP level 1. HP: 14/14 MP: 1/1
    17 | D:1      | Reached XP level 2. HP: 13/19 MP: 2/2
  1024 | D:2      | Reached XP level 3. HP: 20/23 MP: 3/3
  1133 | D:2      | Reached skill level 1 in Slings
  1224 | D:2      | Found a shimmering blue altar of Sif Muna.
  1902 | D:3      | Reached XP level 4. HP: 23/28 MP: 4/4
  2199 | D:3      | Found a glowing drain.
  2210 | Sewer    | Entered a sewer
  2502 | Sewer    | Reached XP level 5. HP: 33/33 MP: 5/5
  3386 | D:4      | Reached XP level 6. HP: 38/38 MP: 6/6
  3489 | D:4      | Found an iron altar of Okawaru.
  3827 | D:4      | Found a runed translucent door.
  3828 | D:4      | Noticed Crazy Yiuf
  3848 | D:4      | Killed Crazy Yiuf
  3848 | D:4      | Reached skill level 1 in Dodging
  4140 | D:4      | Found Iluyr's Gadget Shop.
  4148 | D:4      | Found a hide-covered altar of Uskayaw.
  4322 | D:4      | Found a burning altar of Makhleb.
  4330 | D:4      | Reached XP level 7. HP: 40/43 MP: 7/7
  4543 | D:4      | Found a shadowy altar of Dithmenos.
  4706 | D:5      | Entered Level 5 of the Dungeon
  5298 | D:5      | Found a staircase to the Ecumenical Temple.
  5358 | D:5      | Reached skill level 5 in Shields
  5695 | Temple   | Entered the Ecumenical Temple
  5732 | Temple   | Became a worshipper of Ru the Awakened
  6106 | D:6      | Reached XP level 8. HP: 12/48 MP: 8/8
  6431 | D:6      | Found a sand-covered staircase.
  6440 | Ossuary  | Entered an ossuary
  6630 | Ossuary  | Reached skill level 5 in Maces & Flails
  6856 | D:6      | Reached skill level 5 in Armour
  6893 | D:6      | Mangled by an orc warrior

Illustrated notes

Levels and vault maps discovered:
D:1:      scummos_arrival_checkerplants, layout_loops_ring
D:2:      layout_basic, lemuel_coloured_pillars_altar, first_ration,
          solitary_fountain
D:3:      layout_rooms, portal_sewer_entry_d, minmay_crystal_water,
          kennysheep_generic_room_2
D:4:      layout_loops_corners, nicolae_overflow_crystal_walls,
          okawaru_metal_pillars_1_2, makhleb_heckhound_becter, serial_shops,
          shop, grunt_dithmenos_shadows, uniq_crazy_yiuf_cottage
D:5:      layout_loops_corners, minmay_temple_entry_statues_fountains
D:6:      layout_basic, nicolae_ossuary_entry_ruins
Temple:   nicolae_temple_elliptical

Skill      XL: |  1  2  3  4  5  6  7  8 |
---------------+-------------------------+-----
Slings         | 1 2 3 |  3.9
Shields        | 4 5 |  5.8
Maces & Flails | 3 4 5 |  5.2
Armour         | 4 5 |  5.0
Fighting       | 4 |  4.6
Dodging        | 1 |  1.6
Stealth        | |  0.4

Action                   |  1- 3 |  4- 6 |  7- 9 || total
-------------------------+-------+-------+-------++-------
Melee: Flail             |    96 |    87 |       ||   183
       Whip              |       |   129 |   256 ||   385
 Fire: Hunting sling     |    45 |   103 |    84 ||   232
Throw: Dart              |     6 |       |       ||     6
       Stone             |     4 |       |       ||     4
  Use: Scroll            |    10 |     7 |     1 ||    18
       Potion            |       |       |     1 ||     1
  Eat: Chunk             |     3 |     8 |     4 ||    15
       Ration            |       |       |     1 ||     1
Armor: Scale mail        |    72 |   118 |       ||   190
       Chain mail        |       |     5 |   146 ||   151
Dodge: Dodged            |    29 |    76 |    47 ||   152
Block: Kite shield       |    57 |   126 |   131 ||   314
